[Event "*** Titled Tuesday Blitz"]
[Site "Chess.com"]
[Date "2020.05.12"]
[Round "2"]
[White "Misha_Bilous"]
[Black "VishnuPrasanna"]
[Result "0-1"]
[WhiteElo "2465"]
[BlackElo "2682"]
[TimeControl "180+1"]
[EndTime "10:16:31 PDT"]
[Termination "VishnuPrasanna won on time"]

1. d4 Nf6 2. c4 g6 3. f3 Bg7 4. e4 d6 5. Nc3 Nbd7 6. Be3 a6 7. Nge2 O-O 8. Qd2 b5 9. cxb5 axb5 10. Nxb5 c6 11.
Nbc3 e5 12. Ng3 d5 13. dxe5 Nxe5 14. exd5 Nxd5 15. Nxd5 cxd5 16. Be2 d4 17. Bh6 Bxh6 18. Qxh6 d3 19. Bd1 Qd4 20. Ne4 Ng4 21. Qd2 Re8 22.
fxg4 Rxe4+ 23. Kf1 Re2 24. Bxe2 dxe2+ 25. Ke1 Qxg4 26.
Qxe2 Qb4+ 27. Qd2 Qe4+ 28. Qe2 Qc6 29. Rd1 Ba6 30. Qg4 Re8+ 31. Kd2 Qc5 32. Rhe1 Rd8+ 0-1

[Event "*** Titled Tuesday Blitz"]
[Site "Chess.com"]
[Date "2020.05.12"]
[Round "2"]
[White "olomi007"]
[Black "petincash"]
[Result "1-0"]
[WhiteElo "2654"]
[BlackElo "2396"]
[TimeControl "180+1"]
[EndTime "10:16:34 PDT"]
[Termination "olomi007 won on time"]

1. e4 c5 2. Nf3 g6 3. d4 cxd4 4. Nxd4 Bg7 5. Nc3 Nc6 6. Be3 Nf6 7. Bc4 O-O 8. Bb3 d6 9. f3 Bd7 10. h4 h5 11. Qd2 Nxd4 12. Bxd4 b5 13. Nd5 e6 14.
Nxf6+ Bxf6 15. O-O-O a5 16. a3 b4 17. a4 Rc8 18. g4 hxg4 19. h5 Bxd4 20. Qxd4 Qg5+ 21. Kb1 e5 22. Qxd6 Be6 23. Bxe6 Rfd8 24. Bxf7+ Kxf7 25. hxg6+ Qxg6 26. Qxe5 Rxd1+ 27. Rxd1 b3 28. cxb3 gxf3 29. Qf4+ Kg8 30. Qxf3 Rf8 31. Qe3 Re8 32. Rg1 1-0

[Event "*** Titled Tuesday Blitz"]
[Site "Chess.com"]
[Date "2020.05.12"]
[Round "2"]
[White "AminMolaei"]
[Black "javirec"]
[Result "1-0"]
[WhiteElo "2524"]
[BlackElo "2285"]
[TimeControl "180+1"]
[EndTime "10:16:34 PDT"]
[Termination "AminMolaei won on time"]

1. d4 Nf6 2. c4 g6 3. Nc3 Bg7 4. e4 d6 5. Be2 O-O 6. Nf3 c6 7.
O-O a6 8. h3 b5 9. cxb5 axb5 10. e5 Ne8 11. Bf4 Na6 12. a3 Nac7 13. Qc1 Be6 14.
Rd1 Qd7 15. Ng5 Bc4 16. Bg4 Qd8 17. Qc2 Nd5 18. Bg3 Nec7 19. Nce4 h6 20. Nxf7 Rxf7 21. b3 Bxb3 22. Qxb3 dxe5 23. dxe5 Kh7 24. Rac1 Ra4 25. Nc5 Rxg4 26. hxg4 Qc8 27. f3 e6 28. Ne4 Bf8 29.
Rxc6 Qe8 30. Rcc1 Na6 31. Nd6 Bxd6 32. exd6 Qf8 33. Qxb5 Nb8 34. Rxd5 1-0

[Event "*** Titled Tuesday Blitz"]
[Site "Chess.com"]
[Date "2020.05.12"]
[Round "2"]
[White "BAS8892"]
[Black "thedjoker98"]
[Result "1-0"]
[WhiteElo "2707"]
[BlackElo "2474"]
[TimeControl "180+1"]
[EndTime "10:16:37 PDT"]
[Termination "BAS8892 won by resignation"]

1. d4 d5 2. Bf4 Nf6 3. e3 e6 4. Nd2 c5 5. c3 Nc6 6. Ngf3 Bd6 7. Bg3 O-O 8. Bd3 b6 9. Qe2 Bb7 10. Rd1 Rc8 11. e4 Be7 12. e5 Nh5 13. a3 a5 14.
Nf1 c4 15. Bb1 b5 16. Ng5 Bxg5 17. Qxh5 g6 18. Qg4 h5 19. Qe2 f5 20. exf6 Qxf6 21. h4 Bh6 22. Nd2 e5 23. dxe5 Qe6 24. Nf3 Bf4 25. Bxf4 Rxf4 26. O-O Rcf8 27. Ng5 Qxe5 28. Qxe5 Nxe5 29. Rfe1 Nd3 30. Bxd3 cxd3 31. Ne6 Rxf2 32. Nxf8 Rxf8 33. Rxd3 Rf4 34. Rg3 Kf7 35. Rf1 Rxf1+ 36.
Kxf1 Bc8 37. Ke2 Bf5 38. Ke3 Be4 39. Kd4 Ke6 40. Rg5 1-0

[Event "*** Titled Tuesday Blitz"]
[Site "Chess.com"]
[Date "2020.05.12"]
[Round "2"]
[White "MiroVlasenko"]
[Black "Philos_85"]
[Result "1-0"]
[WhiteElo "2609"]
[BlackElo "2245"]
[TimeControl "180+1"]
[EndTime "10:16:37 PDT"]
[Termination "MiroVlasenko won by resignation"]

1. d4 d5 2. Bf4 Nf6 3. e3 g6 4.
Nf3 Bg7 5. h3 O-O 6. Nbd2 c6 7.
Be2 Bf5 8. O-O Ne4 9. Nb3 Nd7 10. c4 dxc4 11. Bxc4 Re8 12. g4 Be6 13. Bxe6 fxe6 14. Qc2 Nd6 15. Ng5 Nf8 16. Nc5 Qc8 17. Qb3 Kh8 18. Bxd6 exd6 19. Nf7+ Kg8 20. Nxd6 Qc7 21. Nxe8 Rxe8 22. Qxb7 Qd6 23. Qb3 Kh8 24. Ne4 Qe7 25. Ng3 Qh4 26. Kg2 e5 27. dxe5 Bxe5 28. Qf7 Rb8 29. Ne4 h5 30. Qf3 Ne6 31. Rac1 Rf8 32. Qe2 c5 33. b4 cxb4 34. Rc6 Re8 35. Rfc1 1-0

[Event "*** Titled Tuesday Blitz"]
[Site "Chess.com"]
[Date "2020.05.12"]
[Round "2"]
[White "chegueps"]
[Black "vugarrasulov"]
[Result "0-1"]
[WhiteElo "2517"]
[BlackElo "2786"]
[TimeControl "180+1"]
[EndTime "10:16:38 PDT"]
[Termination "vugarrasulov won by resignation"]

1. e4 c5 2. Nf3 d6 3. Bb5+ Nd7 4. c3 a6 5. Ba4 Nf6 6. Qe2 b5 7. Bc2 Bb7 8. d4 e5 9. O-O Be7 10. a4 O-O 11. Rd1 Qb6 12. Na3 Rfe8 13. Bg5 exd4 14. cxd4 Bf8 15. e5 cxd4 16. Bxf6 Nxf6 17.
Nxd4 Rxe5 18. Qd3 Be4 19. Qd2 Rae8 20. axb5 axb5 21. Bxe4 Nxe4 22. Qf4 Nf6 23. Nf3 Re2 24. Rd2 Qxf2+ 0-1

[Event "*** Titled Tuesday Blitz"]
[Site "Chess.com"]
[Date "2020.05.12"]
[Round "2"]
[White "themind1hunter"]
[Black "Zmeeed63"]
[Result "0-1"]
[WhiteElo "2408"]
[BlackElo "2186"]
[TimeControl "180+1"]
[EndTime "10:16:39 PDT"]
[Termination "Zmeeed63 won by resignation"]

1. d4 Nf6 2. c4 e6 3. g3 c5 4. Nf3 cxd4 5. Nxd4 Nc6 6. Bg2 d5 7. cxd5 exd5 8. O-O Be7 9. Nc3 O-O 10. Bg5 h6 11. Bf4 Nxd4 12. Qxd4 Be6 13. Rad1 Rc8 14. Qxa7 Bd6 15.
Bxd6 Qxd6 16. e4 Qb4 17. exd5 Bg4 18. Rd2 Rc5 19. a3 Qc4 20. d6 b5 21. h3 Bf5 0-1

[Event "*** Titled Tuesday Blitz"]
[Site "Chess.com"]
[Date "2020.05.12"]
[Round "2"]
[White "Korona_91"]
[Black "I_Hit_18K_on_BS"]
[Result "1-0"]
[WhiteElo "2445"]
[BlackElo "2200"]
[TimeControl "180+1"]
[EndTime "10:16:40 PDT"]
[Termination "Korona_91 won on time"]

1. e4 c5 2. Nf3 d6 3. Bb5+ Nd7 4. a4 a6 5. Bc4 Ngf6 6. Nc3 g6 7. a5 b5 8. axb6 Nxb6 9. Ba2 Bg7 10. O-O O-O 11. d3 Bb7 12. h3 d5 13. e5 Ne8 14. d4 c4 15. Qe2 Nc7 16. b3 Nb5 17. Bb2 Rc8 18. Na4 c3 19. Bc1 Nxa4 20. bxa4 Na7 21. Ba3 Re8 22. Rab1 Ba8 23. Bc5 Nc6 24. Qxa6 Qd7 25.
Rfe1 e6 26. Qd3 1-0

[Event "*** Titled Tuesday Blitz"]
[Site "Chess.com"]
[Date "2020.05.12"]
[Round "2"]
[White "S2PAc"]
[Black "Fusikk"]
[Result "1-0"]
[WhiteElo "2773"]
[BlackElo "2513"]
[TimeControl "180+1"]
[EndTime "10:16:43 PDT"]
[Termination "S2PAc won by resignation"]

1. d4 Nf6 2. g3 e6 3. Bg2 c5 4. Nf3 Nc6 5. O-O Be7 6. c4 cxd4 7. Nxd4 O-O 8. Nc3 a6 9. b3 Qc7 10. Bb2 b6 11. Rc1 Bc5 12. Na4 Bb7 13. Nxc5 bxc5 14. Nxc6 Bxc6 15. Bxc6 Qxc6 16. Bxf6 gxf6 17. Qd2 Kg7 18.
Rfd1 Rfd8 19. Rc3 d5 20. cxd5 Rxd5 21. Qc2 Rad8 22. Rxd5 Rxd5 23. b4 Qd7 24. bxc5 Rd2 25. Qe4 Rxa2 26. c6 Qc7 27. Qg4+ Kf8 28. Qd4 Kg7 29. Qd7 Ra1+ 30. Kg2 Qe5 31. Qd3 Qc7 32. Rc4 f5 33. Qc3+ 1-0

[Event "*** Titled Tuesday Blitz"]
[Site "Chess.com"]
[Date "2020.05.12"]
[Round "2"]
[White "ezkybel"]
[Black "IMinTheWings"]
[Result "1-0"]
[WhiteElo "2509"]
[BlackElo "2197"]
[TimeControl "180+1"]
[EndTime "10:16:43 PDT"]
[Termination "ezkybel won by checkmate"]

1. e4 e6 2. d4 d5 3. c4 dxe4 4. Nc3 Nf6 5. f3 exf3 6. Nxf3 Bb4 7. Bd3 Nc6 8. a3 Bxc3+ 9. bxc3 h6 10. O-O O-O 11.
Qe2 b6 12. Bf4 Ba6 13. Qf2 Na5 14. Ne5 Nd7 15. Qe2 Nxe5 16. Bxe5 f5 17. Rf3 Qd7 18.
Rg3 Rf7 19. Rd1 Rd8 20. Rg6 Kh7 21. Qh5 Rff8 22. Rxg7+ Qxg7 23. Bxg7 Kxg7 24. Qe2 Rd6 25. c5 Bxd3 26. Rxd3 bxc5 27. Rg3+ Kf7 28. Qe5 Ke8 29. Qxc5 Nc6 30. Rg7 Kd8 31. Qb5 f4 32. Qb7 Ne7 33. Qb8+ Nc8 34. Qxc7+ Ke8 35. Qxc8+ Rd8 36. Qxe6# 1-0

[Event "*** Titled Tuesday Blitz"]
[Site "Chess.com"]
[Date "2020.05.12"]
[Round "2"]
[White "Kildepiotr"]
[Black "rakshi2005"]
[Result "1-0"]
[WhiteElo "2527"]
[BlackElo "2286"]
[TimeControl "180+1"]
[EndTime "10:16:43 PDT"]
[Termination "Kildepiotr won on time"]

1. Nf3 Nf6 2. g3 g6 3. Bg2 Bg7 4. O-O O-O 5. d4 d6 6. Nbd2 c6 7. e4 Nbd7 8. Qe2 e5 9. dxe5 dxe5 10. a4 Qc7 11. b3 b6 12. Bb2 a5 13. Rfd1 Ba6 14.
Qe1 Rfe8 15. Bf1 Bxf1 16. Kxf1 Rad8 17. Nc4 Nh5 18. Kg2 f6 19. Ba3 Nf8 20. Qe3 b5 21.
axb5 cxb5 22. Qb6 Qxb6 23. Nxb6 Ne6 24. Rxd8 Rxd8 25. Bb2 Rb8 26. Nd5 a4 27. bxa4 bxa4 28. Bc3 Ra8 29. Nb6 1-0

[Event "*** Titled Tuesday Blitz"]
[Site "Chess.com"]
[Date "2020.05.12"]
[Round "2"]
[White "sandropozo"]
[Black "LyonBeast"]
[Result "0-1"]
[WhiteElo "2555"]
[BlackElo "2902"]
[TimeControl "180+1"]
[EndTime "10:16:48 PDT"]
[Termination "LyonBeast won on time"]

1. d4 d5 2. c4 dxc4 3. e3 Nf6 4. Bxc4 e6 5. Nf3 a6 6. O-O b5 7. Bd3 Bb7 8. Qe2 Nbd7 9. a4 b4 10. e4 Be7 11. Nbd2 c5 12. e5 Nd5 13. Nc4 cxd4 14.
Rd1 Nc5 15. Nxd4 O-O 16. Bc2 Rc8 17. a5 Qc7 18. Qg4 Rfd8 19. Bh6 g6 20. Rac1 Rd7 21. h4 Qd8 22. h5 f5 23. exf6 Nxf6 24. Qf4 Nxh5 25.
Qg4 Nf6 26. Qf4 b3 27. Bb1 Nce4 28. Qe3 Ng4 0-1

[Event "*** Titled Tuesday Blitz"]
[Site "Chess.com"]
[Date "2020.05.12"]
[Round "2"]
[White "alishersuleymenov"]
[Black "Artem_Sadovsky"]
[Result "1-0"]
[WhiteElo "2835"]
[BlackElo "2534"]
[TimeControl "180+1"]
[EndTime "10:16:48 PDT"]
[Termination "alishersuleymenov won on time"]

1. d4 d5 2. Bf4 Nf6 3. e3 c5 4. c3 Nbd7 5. h3 b6 6. Nd2 e6 7. Ngf3 Be7 8. Bd3 O-O 9. O-O Bb7 10. Qe2 Re8 11. Ne5 Ne4 12. Nxe4 dxe4 13. Bb5 Nxe5 14.
Bxe8 Nd3 15. Bb5 Nxf4 16. exf4 cxd4 17. cxd4 Qxd4 18. Rad1 Qf6 19. Rd7 Bd5 20. Bc4 Re8 21.
Bxd5 exd5 22. Rxd5 Qxf4 23. g3 Qb8 24. Qxe4 Bc5 25.
Qf3 Qb7 26. Rfd1 Qe7 27. Rd7 Qe6 28. Rxa7 Rf8 29. Kg2 b5 30. Rc7 Bb4 31. a3 Ba5 32.
Rc6 Qa2 33. b4 Bd8 34. Rc8 Bf6 35. Rxf8+ Kxf8 36. Qa8+ Ke7 37. Qd8+ Ke6 38. Qd7+ Ke5 39. Re1+ 1-0

[Event "*** Titled Tuesday Blitz"]
[Site "Chess.com"]
[Date "2020.05.12"]
[Round "2"]
[White "Efremov_Vlad"]
[Black "wild_cat99"]
[Result "0-1"]
[WhiteElo "2134"]
[BlackElo "2591"]
[TimeControl "180+1"]
[EndTime "10:16:48 PDT"]
[Termination "wild_cat99 won by resignation"]

1. c4 Nf6 2. d4 g6 3. Nf3 Bg7 4.
g3 O-O 5. Bg2 d5 6. cxd5 Nxd5 7.
O-O Nb6 8. e3 Nc6 9. Nc3 Re8 10.
a3 e5 11. d5 Ne7 12. e4 Bg4 13. h3 Bxf3 14. Bxf3 c6 15. dxc6 Nxc6 16. Be3 Nc4 17. Nd5 Nxe3 18. Nxe3 Nd4 19. Bg2 Rc8 20. Nd5 Qa5 21.
b4 Qa6 22. Kh2 Qd6 23. Rc1 h5 24. h4 Qd7 25. Bh3 f5 26. Ne3 Qf7 27. exf5 gxf5 28. Bg2 Rcd8 29. Qa4 f4 30. Bd5 Rxd5 31. Nxd5 b5 32.
Qd1 Qxd5 33. Qxh5 Nf3+ 34. Kh3 Qe6+ 35. Kg2 e4 36. Rfe1 Nxe1+ 37. Rxe1 f3+ 38. Kg1 Qh3 0-1

[Event "*** Titled Tuesday Blitz"]
[Site "Chess.com"]
[Date "2020.05.12"]
[Round "2"]
[White "WastefulJustice"]
[Black "NastaJ"]
[Result "1-0"]
[WhiteElo "2374"]
[BlackElo "1976"]
[TimeControl "180+1"]
[EndTime "10:16:48 PDT"]
[Termination "WastefulJustice won by resignation"]

1. e4 c6 2. d4 d5 3. e5 Bf5 4. Nc3 e6 5. g4 Bg6 6. Nge2 c5 7. h4 h6 8. h5 Bh7 9. f4 Nc6 10. Be3 cxd4 11. Nxd4 Bb4 12. Bd3 Bxd3 13. Qxd3 Nge7 14. O-O-O Qa5 15. Ndb5 a6 16. Nd6+ Bxd6 17. exd6 Nc8 18. d7+ Kxd7 19. f5 Nd6 20. Rhe1 Nb4 21. fxe6+ fxe6 22. Qg6 Rhg8 23. a3 Nc6 24. Bb6 Qxb6 25. Qxe6+ Kc7 26. Nxd5+ Kb8 27. Nxb6 1-0

[Event "*** Titled Tuesday Blitz"]
[Site "Chess.com"]
[Date "2020.05.12"]
[Round "2"]
[White "SlovenskiZmaj"]
[Black "Off-War"]
[Result "0-1"]
[WhiteElo "2500"]
[BlackElo "2757"]
[TimeControl "180+1"]
[EndTime "10:16:49 PDT"]
[Termination "Off-War won by resignation"]

1. d4 Nf6 2. Bg5 e6 3. Nd2 h6 4. Bh4 c5 5. e3 Nc6 6. c3 b6 7. Bd3 Bb7 8. Ngf3 g5 9. Bg3 Nh5 10. Qe2 Bg7 11. O-O-O Nxg3 12. hxg3 Qe7 13. Kb1 a6 14. g4 b5 15. dxc5 Qxc5 16. Ne4 Qe7 17. Bxb5 d5 18. Bxc6+ Bxc6 19. Ng3 O-O 20. Nh5 Bh8 21.
Nd4 Ba4 22. Rc1 Rfc8 23. f4 Rab8 24. Rhf1 Rc7 25. Ka1 Rcb7 26. b3 Bd7 27. fxg5 hxg5 28. Qf3 a5 29. Nf6+ Kf8 30. Nxd7+ Qxd7 31. Rh1 Bg7 32. Rh7 a4 33. b4 a3 34. Rf1 Rc7 35. Qg3 Rbc8 36. Rfh1 Rxc3 37. Qe1 Qc7 0-1

[Event "*** Titled Tuesday Blitz"]
[Site "Chess.com"]
[Date "2020.05.12"]
[Round "2"]
[White "Nayemhaque22"]
[Black "Vuk2000"]
[Result "0-1"]
[WhiteElo "2261"]
[BlackElo "2619"]
[TimeControl "180+1"]
[EndTime "10:16:49 PDT"]
[Termination "Vuk2000 won by resignation"]

1. e4 e6 2. d4 d5 3. Nc3 Bb4 4. e5 c5 5. a3 Bxc3+ 6. bxc3 Ne7 7. Qg4 Qc7 8. Qxg7 Rg8 9. Qxh7 cxd4 10. Ne2 Nbc6 11. f4 Bd7 12. g3 dxc3 13. Bh3 d4 14. Qd3 Qb6 15. O-O O-O-O 16. Bg2 Nf5 17. Rd1 Nxe5 18.
fxe5 Bb5 19. Qf3 d3+ 20. Qf2 dxe2 21. Re1 Rd1 22. Bf4 Rxa1 23. Rxa1 Rd8 24. Re1 Rd1 0-1

[Event "*** Titled Tuesday Blitz"]
[Site "Chess.com"]
[Date "2020.05.12"]
[Round "2"]
[White "KrolPawel92OnTwitch"]
[Black "Parhamov"]
[Result "1/2-1/2"]
[WhiteElo "2586"]
[BlackElo "3007"]
[TimeControl "180+1"]
[EndTime "10:16:52 PDT"]
[Termination "Game drawn by agreement"]

1. e4 c5 2. Nf3 Nc6 3. g3 g6 4. Bg2 Bg7 5. O-O d6 6. c3 e5 7. a4 Nge7 8. d3 O-O 9. Nbd2 h6 10. h3 Be6 11. Nh2 f5 12. f4 a6 13. Qe2 Rb8 14. fxe5 dxe5 15. exf5 gxf5 16. g4 Ng6 17. gxf5 Rxf5 18. Rxf5 Bxf5 19. Ne4 Nf4 20. Bxf4 exf4 21.
Rf1 Qh4 22. Nxc5 Bxh3 23. Bxh3 Qxh3 24. Qe6+ Qxe6 25. Nxe6 Re8 26. Nxf4 b5 27. axb5 axb5 28. Nf3 b4 29. d4 bxc3 30. bxc3 Re4 31. Nd5 Nxd4 32.
cxd4 Bxd4+ 33. Kg2 Bg7 34. Rb1 Re8 35. Rb7 Rf8 36.
Nh4 Rf7 37. Rb8+ Kh7 38. Ne3 Bf6 39. Nf3 Bg5 40. Ng4 Re7 41. Ra8 Rg7 42. Kh3 Rc7 43. Nge5 Bf4 44. Nd3 Rc3 45. Rd8 Bc7 46. Rd7+ Kg6 47.
Nh4+ Kf6 48. Kg4 Ke6 49. Rd4 Be5 50. Nxe5 Kxe5 51. Ra4 1/2-1/2

[Event "*** Titled Tuesday Blitz"]
[Site "Chess.com"]
[Date "2020.05.12"]
[Round "2"]
[White "SaqoChess_Twitch"]
[Black "GM-2023"]
[Result "1-0"]
[WhiteElo "2396"]
[BlackElo "2079"]
[TimeControl "180+1"]
[EndTime "10:16:52 PDT"]
[Termination "SaqoChess_Twitch won on time"]

1. d4 Nf6 2. c4 e6 3. Nc3 Bb4 4. a3 Bxc3+ 5. bxc3 d5 6. e3 O-O 7. Bd3 c5 8. cxd5 exd5 9. Ne2 Nc6 10. O-O Re8 11.
f3 Be6 12. Ng3 Rc8 13. Re1 Qd7 14. Ra2 a6 15. Rf2 b5 16. Bb2 c4 17. Bb1 a5 18. e4 dxe4 19. fxe4 Bg4 20. Qc1 b4 21. axb4 axb4 22. Rxf6 gxf6 23. Qh6 bxc3 24. e5 f5 25. Bxf5 Bxf5 26. Nh5 Qxd4+ 27. Kh1 Qg4 28. Nf6+ Kh8 29. Nxg4 cxb2 30. Qf6+ Kg8 31. Nh6+ Kf8 32. Nxf5 1-0

[Event "*** Titled Tuesday Blitz"]
[Site "Chess.com"]
[Date "2020.05.12"]
[Round "2"]
[White "TST2014"]
[Black "BilodeauA"]
[Result "1-0"]
[WhiteElo "2570"]
[BlackElo "2875"]
[TimeControl "180+1"]
[EndTime "10:16:55 PDT"]
[Termination "TST2014 won by resignation"]

1. d4 d5 2. c4 dxc4 3. e3 e5 4. Bxc4 Nc6 5. Nf3 e4 6. Nfd2 Qg5 7. Nxe4 Qxg2 8. Ng3 Nf6 9. Bf1 Qd5 10. Nc3 Qd8 11. Bg2 Bd6 12. Qc2 O-O 13. Bd2 Nb4 14. Qb1 Re8 15. a3 Nc6 16. O-O Ng4 17. Nce4 Qh4 18. h3 Nxf2 19. Rxf2 Bxg3 20. Nxg3 Qxg3 21. Rf3 Qg6 22.
Qf1 Be6 23. Qf2 Bd5 24. Rg3 Qd6 25. Rf1 g6 26. Bc3 Re7 27. e4 Bxe4 28. Bxe4 Rxe4 29. Qxf7+ Kh8 30. d5+ Ne5 31. Rg5 Qxd5 1-0

[Event "*** Titled Tuesday Blitz"]
[Site "Chess.com"]
[Date "2020.05.12"]
[Round "2"]
[White "quesfr"]
[Black "MightyGMpretender"]
[Result "0-1"]
[WhiteElo "2269"]
[BlackElo "2573"]
[TimeControl "180+1"]
[EndTime "10:16:55 PDT"]
[Termination "MightyGMpretender won on time"]

1. e4 c5 2. c3 d5 3. exd5 Nf6 4. Bb5+ Bd7 5. Qb3 Bxb5 6. Qxb5+ Qd7 7. Qxc5 Nxd5 8. d4 Nc6 9. Nf3 Rc8 10. Qb5 Ncb4 11. Qxd7+ Kxd7 12. Ne5+ Ke8 13. Na3 f6 14. cxb4 fxe5 15.
dxe5 e6 16. Bd2 Nxb4 17. Ke2 Nc6 18. Nc4 b5 19. Nd6+ Bxd6 20. exd6 Kd7 21. Rhd1 Rhf8 22. Bc3 e5 23. Rd5 b4 24. Bxe5 Rce8 25. f4 Rxf4 26. Ke3 Rf5 27. Rad1 Rfxe5+ 28. Kf2 Re2+ 29. Kf1 Rxb2 30. Rf5 Nd8 31. Rc5 Ne6 32. Ra5 Rf8+ 33. Kg1 Ra8 0-1

[Event "*** Titled Tuesday Blitz"]
[Site "Chess.com"]
[Date "2020.05.12"]
[Round "2"]
[White "Rud_Makarian"]
[Black "ZarinaShafigullina"]
[Result "1-0"]
[WhiteElo "2628"]
[BlackElo "2313"]
[TimeControl "180+1"]
[EndTime "10:16:55 PDT"]
[Termination "Rud_Makarian won by resignation"]

1. d3 d5 2. f4 c5 3. Nf3 Nc6 4. g3 Nf6 5. Bg2 e6 6. O-O Bd6 7. Nc3 O-O 8. e4 Bb8 9. e5 Nd7 10. Ne2 b6 11. g4 Bb7 12. Ng3 f6 13. exf6 Nxf6 14. Ng5 Bc8 15. Re1 Qd6 16. h3 Nd4 17. c3 Nc6 18. Qe2 Re8 19. Nf3 Qc7 20. Ne5 Nxe5 21.
fxe5 Nd7 22. d4 cxd4 23. cxd4 a5 24. Bg5 Ba6 25. Qd2 b5 26. Kh2 Ba7 27. Nh5 Nb6 28.
b3 Nc8 29. Rac1 Qb6 30. Nxg7 Kxg7 31. Bf6+ Kf7 32. Qh6 Rf8 33. Rc7+ 1-0

[Event "*** Titled Tuesday Blitz"]
[Site "Chess.com"]
[Date "2020.05.12"]
[Round "2"]
[White "WiktoriaPOL"]
[Black "sopo-tereladze"]
[Result "0-1"]
[WhiteElo "2020"]
[BlackElo "2382"]
[TimeControl "180+1"]
[EndTime "10:16:55 PDT"]
[Termination "sopo-tereladze won on time"]

1. c4 Nf6 2. Nc3 e6 3. e4 d5 4. e5 d4 5. exf6 dxc3 6. bxc3 Qxf6 7. Nf3 Nc6 8. d4 h6 9. Bd3 Bd6 10. O-O O-O 11. Nd2 Qe7 12. Ne4 f5 13. Nxd6 cxd6 14.
Ba3 Qc7 15. Re1 Bd7 16. Qf3 Rae8 17. Qg3 e5 18. d5 Nd8 19. h4 Nf7 20. f3 b6 21.
Rad1 Bc8 22. h5 Qe7 23. Qf2 Qg5 24. g4 fxg4 25. fxg4 Bxg4 26. Qg2 Bxd1 0-1

[Event "*** Titled Tuesday Blitz"]
[Site "Chess.com"]
[Date "2020.05.12"]
[Round "2"]
[White "annacramling"]
[Black "Steven_Rojas"]
[Result "0-1"]
[WhiteElo "1879"]
[BlackElo "2357"]
[TimeControl "180+1"]
[EndTime "10:16:55 PDT"]
[Termination "Steven_Rojas won on time"]

1. d4 d5 2. c4 e6 3. Nc3 Nf6 4. cxd5 exd5 5. Bg5 Be7 6. e3 O-O 7. Bd3 h6 8. Bh4 c5 9. dxc5 Nc6 10. Nf3 Bxc5 11.
Bxf6 Qxf6 12. Nxd5 Qxb2 13. O-O Bg4 14. Rb1 Qxa2 15.
Nc3 Qa5 16. Ne4 Bb6 17. Rb5 Qa3 18. Be2 Qe7 19. Ng3 Rfd8 20. Qb1 Rac8 21. h3 Bxf3 22.
Bxf3 Ne5 23. Be2 g6 24. Ne4 Nc4 25. Bxc4 Rxc4 26. Ng3 h5 27. Rd1 Rxd1+ 28. Qxd1 Qc7 29. Rd5 Rc1 30. Rd8+ Kh7 0-1

[Event "*** Titled Tuesday Blitz"]
[Site "Chess.com"]
[Date "2020.05.12"]
[Round "2"]
[White "Konek-Gorbunok"]
[Black "AlleyOoper"]
[Result "0-1"]
[WhiteElo "2162"]
[BlackElo "2591"]
[TimeControl "180+1"]
[EndTime "10:16:57 PDT"]
[Termination "AlleyOoper won by resignation"]

1. d4 Nf6 2. Nf3 c5 3. c4 cxd4 4. Nxd4 e5 5. Nc2 d5 6. cxd5 Qxd5 7. Qxd5 Nxd5 8. e4 Nb4 9. Nxb4 Bxb4+ 10. Bd2 Bc5 11.
Nc3 Be6 12. Bb5+ Nc6 13. Nd5 O-O-O 14. Bxc6 bxc6 15. Rc1 Bxd5 16. exd5 Rxd5 17. b4 Bxf2+ 18. Ke2 Bb6 19. Rxc6+ Kb7 20. Rhc1 Rhd8 21. Be3 R8d7 22. Bxb6 axb6 23. R6c2 f5 24. Rf1 g6 25. Rfc1 e4 26.
Ke3 g5 27. g3 Rd3+ 28. Ke2 f4 29. gxf4 gxf4 30. Rf1 f3+ 31. Kf2 Rd2+ 32. Rxd2 Rxd2+ 33. Ke3 Re2+ 34. Kf4 f2 35. a4 e3 36. Kf3 Re1 37.
Kg2 Kc6 38. h4 h5 0-1

[Event "*** Titled Tuesday Blitz"]
[Site "Chess.com"]
[Date "2020.05.12"]
[Round "2"]
[White "Srisshhhtea"]
[Black "AsaHoffmann"]
[Result "0-1"]
[WhiteElo "2114"]
[BlackElo "2406"]
[TimeControl "180+1"]
[EndTime "10:16:58 PDT"]
[Termination "AsaHoffmann won by resignation"]

1. d4 Nf6 2. c4 c5 3. d5 e5 4. Nc3 d6 5. e4 Be7 6. Bd3 Nbd7 7. Nge2 Nf8 8. O-O Ng6 9. h3 O-O 10. f4 exf4 11. Nxf4 Ne5 12. Be2 a6 13. Be3 Ne8 14. Qd2 Bg5 15. Nh5 Bxe3+ 16. Qxe3 h6 17. Qg3 Qg5 18.
Qxg5 hxg5 19. Nd1 Bd7 20. Ne3 f6 21. Ng3 g6 22. b3 b5 23. Rac1 Kg7 24. Kh2 Rh8 25.
Rc2 Nc7 26. Rf2 g4 27. Bf1 Rh6 28. Rf4 Rah8 29. Kg1 gxh3 30. gxh3 Bxh3 31. Rh2 Bxf1 32. Nexf1 Rxh2 33. Nxh2 bxc4 34. bxc4 Nxc4 35. Ng4 Ne8 36. Nf2 Ne5 37. Nd1 Nc7 38. Kg2 Rb8 39. Rf2 Rb1 40. Nc3 Rc1 41. Na4 Nb5 42. Nb6 Nd4 43. Nc8 Nf7 44. Ne7 c4 45. Nf1 c3 46. Ne3 Re1 47. Nc4 c2 0-1

[Event "*** Titled Tuesday Blitz"]
[Site "Chess.com"]
[Date "2020.05.12"]
[Round "2"]
[White "Batica1984"]
[Black "ChessTraining77"]
[Result "1-0"]
[WhiteElo "2799"]
[BlackElo "2521"]
[TimeControl "180+1"]
[EndTime "10:16:59 PDT"]
[Termination "Batica1984 won by resignation"]

1. e4 e5 2. Nf3 Nc6 3. d4 exd4 4.
Nxd4 Bc5 5. Nb3 Bb6 6. Nc3 Nge7 7. Qe2 O-O 8. Be3 f5 9. O-O-O d6 10. f4 fxe4 11.
g3 Nf5 12. Bxb6 axb6 13. Bg2 Be6 14. Bxe4 Qd7 15. Rhe1 Rae8 16. Kb1 Kh8 17. Qb5 Nfe7 18. a3 Bg4 19. Rd2 Bf5 20. Rde2 Bxe4 21. Rxe4 Ng6 22. Nd5 Rxe4 23. Rxe4 Qf5 24. Qd3 Qf7 25. Nd2 Nge7 26. Nxc7 d5 27. Re2 Rc8 28. Nb5 d4 29. Nd6 1-0

[Event "*** Titled Tuesday Blitz"]
[Site "Chess.com"]
[Date "2020.05.12"]
[Round "2"]
[White "LuckSlayeer"]
[Black "Blitzking642"]
[Result "1-0"]
[WhiteElo "2497"]
[BlackElo "2269"]
[TimeControl "180+1"]
[EndTime "10:16:59 PDT"]
[Termination "LuckSlayeer won by resignation"]

1. Nf3 c5 2. c4 Nc6 3. Nc3 g6 4. e3 Bg7 5. d4 d6 6. d5 Na5 7. Be2 e5 8. dxe6 Bxe6 9. Nb5 Bf8 10. Qa4 Nc6 11. O-O a6 12. Nc3 Bg7 13. Rd1 Nf6 14.
e4 Qc7 15. Nb5 Qa5 16. Qxa5 Nxa5 17. Nc7+ Ke7 18. Nxa8 Rxa8 19. Bd2 Nxc4 20. Bc3 Bh8 21. Bxc4 Bxc4 22. e5 dxe5 23. Nxe5 Be6 24. f3 Nd5 25.
Re1 Nxc3 26. bxc3 Rd8 27. Rab1 b5 28. Nc6+ 1-0

[Event "*** Titled Tuesday Blitz"]
[Site "Chess.com"]
[Date "2020.05.12"]
[Round "2"]
[White "Savva09022009"]
[Black "Shushik"]
[Result "1-0"]
[WhiteElo "2392"]
[BlackElo "2076"]
[TimeControl "180+1"]
[EndTime "10:17:00 PDT"]
[Termination "Savva09022009 won by resignation"]

1. d4 d5 2. Nc3 Nf6 3. Bf4 c5 4. e3 Bf5 5. f3 e6 6. g4 Bg6 7. h4 h6 8. Bd3 Bxd3 9. Qxd3 Be7 10. Nge2 Nc6 11. O-O-O c4 12. Qd2 Qa5 13. g5 Nh5 14. e4 O-O-O 15. exd5 exd5 16. Kb1 Nxf4 17. Qxf4 Qc7 18.
Qxf7 hxg5 19. hxg5 Rhf8 20. Qe6+ Kb8 21. Nxd5 Qd7 22.
Qxd7 Rxd7 23. Nxe7 Rxe7 24. Nc3 Rd7 25. d5 Ne5 26. f4 Rxf4 27. Rh8+ Kc7 28. d6+ Kc6 29. Rc8+ Kb6 30. Nd5+ 1-0

[Event "*** Titled Tuesday Blitz"]
[Site "Chess.com"]
[Date "2020.05.12"]
[Round "2"]
[White "Raja3401"]
[Black "RestartingChess"]
[Result "1-0"]
[WhiteElo "2772"]
[BlackElo "2512"]
[TimeControl "180+1"]
[EndTime "10:17:01 PDT"]
[Termination "Raja3401 won by resignation"]

1. e4 d5 2. exd5 Qxd5 3. Nc3 Qd6 4. d4 Nf6 5. Bd3 Nc6 6. Nge2 a6 7. Bf4 Qd8 8. Qd2 Bg4 9. f3 Bh5 10. O-O-O e6 11. g4 Bg6 12. h4 Bb4 13. h5 Bxd3 14. Qxd3 Bd6 15. g5 Nd5 16. Nxd5 exd5 17. g6 Qf6 18. Bxd6 Qxd6 19. h6 Qxg6 20. hxg7 Qxg7 21. Qe3+ Kd7 22. Qf4 Kc8 23. Rhg1 Qf8 24. Qf5+ Kb8 25. Qxd5 Qe7 26. Nc3 Rd8 27. Qf5 Qe3+ 28. Kb1 Rxd4 29.
Rde1 Rf4 30. Rg8+ Ka7 31. Rxa8+ Kb6 32. Na4+ Rxa4 33. Rxe3 Rc4 1-0